Map: Nachtschatten LE

Players

Barlodin - Winner!

  • Race: Zerg Zerg
  • League: Gold
  • Spawn Location: 11:00

halts

  • Race: Zerg Zerg
  • League: Diamond
  • Spawn Location: 5:00

VOD

Have the link to the VOD?

Description

Time

  • Played on: Feb. 13, 2020, 2:08 p.m.
  • Length: 15:43
Show
View Real Time Build Order
Export as new Build Order

Barlodin Zerg - Winner!

Build Orders: Pool First 

Get SALT Encoding   

  12  0:01  Drone  
  13  0:13  Overlord  
  13  0:16  Drone  
  14  0:31  Drone x2  
  14  0:35  Drone  
  17  0:39  Extractor  
  16  0:46  Drone  
  17  0:52  Spawning Pool  
  17  0:56  Drone  
  17  1:07  Drone  
  18  1:26  Drone  
  18  1:28  Hatchery  
  18  1:36  Drone  
  19  1:41  Overlord  
  19  1:45  Queen  
  21  1:55  Drone  
  22  2:06  Zergling x2  
  23  2:11  Metabolic Boost  
  23  2:17  Drone  
  24  2:23  Queen  
  24  2:25  Zergling x2  
  27  2:39  Zergling x2  
  27  2:42  Queen  
  30  2:48  Zergling x2  
  30  2:49  Zergling x2  
  32  3:05  Zergling x4, Roach Warren  
  32  3:06  Zergling x6  
  36  3:18  Overlord  
  36  3:35  Queen  
  36  3:37  Drone x2  
  36  3:38  Overlord  
  40  3:41  Drone x3  
  40  3:42  Drone  
  40  3:47  Extractor  
  43  3:54  Zergling x4  
  43  3:55  Zergling x2  
  42  4:02  Drone  
  42  4:03  Overlord, Drone x2  
  40  4:25  Drone x2  
  40  4:26  Overlord, Drone  
  40  4:27  Roach  
  41  4:40  Extractor, Roach x3  
  41  4:41  Roach x2  
  50  4:52  Evolution Chamber, Drone x5  
  54  5:03  Drone x3  
  54  5:04  Overlord  
  53  5:15  Zergling x6  
  53  5:20  Zergling x6  
  53  5:28  Drone x2  
  53  5:32  Extractor  
  52  5:36  Roach x2  
  52  5:37  Roach  
  58  5:52  Roach  
  58  5:53  Roach x3  
  63  6:01  Roach x3  
  69  6:04  Hatchery  
  69  6:09  Lair  
  68  6:27  Hatchery  
  68  6:31  Zergling x2  
  68  6:32  Zergling x10  
  71  6:39  Zerg Missile Weapons Level 1  
  63  7:01  Zergling x10  
  53  7:02  Zergling x2  
  57  7:12  Glial Reconstitution  
  57  7:16  Drone  
  57  7:17  Drone x2  
  57  7:19  Overlord  
  60  7:25  Drone x2  
  60  7:26  Drone x3  
  65  7:42  Roach  
  65  7:43  Roach x5  
  63  7:52  Spine Crawler x3  
  63  7:53  Roach x5  
  70  8:03  Spire  
  67  8:12  Roach x2  
  67  8:23  Roach x3  
  65  8:35  Roach x4  
  65  8:38  Hatchery  
  72  8:47  Roach  
  72  8:48  Roach  
  76  8:51  Overlord x2  
  76  8:59  Extractor x2  
  72  9:21  Mutalisk x6  
  84  9:33  Overlord x2  
  84  9:49  Mutalisk  
  84  9:50  Queen  
  84  9:51  Mutalisk x4  
  84  9:52  Mutalisk x2  
  100  10:00  Overlord  
  100  10:03  Roach x2  
  104  10:25  Drone x3  
  104  10:26  Drone x2  
  104  10:27  Zergling x2  
  110  10:40  Hatchery  
  109  10:46  Drone x4  
  109  10:47  Zergling x2  
  109  10:48  Zergling x8  
  81  11:08  Queen  
  71  11:23  Drone x2  
  71  11:24  Drone  
  73  11:26  Mutalisk x4  
  73  11:31  Zergling x6  
  84  11:44  Queen  
  86  11:58  Queen  
  88  12:05  Infestation Pit  
  69  12:17  Roach x9  
  69  12:18  Roach x3  
  93  12:26  Drone x4  
  97  12:33  Zerg Missile Weapons Level 2  
  97  12:51  Drone x5  
  102  12:59  Roach x5  
  102  13:00  Roach x3  
  102  13:04  Overlord  
  116  13:19  Spine Crawler  
  115  13:24  Drone x3  
  115  13:25  Overlord, Zergling x2  
  119  13:30  Extractor  
  119  13:32  Extractor  
  117  13:38  Roach  
  117  13:39  Roach x4  
  100  14:02  Roach  
  100  14:03  Roach x10  
  108  14:10  Drone  
  105  14:21  Mutalisk x4  
  111  14:29  Drone x2  
  111  14:30  Drone  
  96  14:42  Roach x5  
  106  14:50  Drone  
  106  14:52  Drone x6  
  113  14:53  Drone  
  114  15:06  Zergling x10  
  114  15:07  Zergling x2  
  103  15:35  Extractor  
  103  15:36  Hatchery  
  103  15:38  Extractor  
Show
View Real Time Build Order
Export as new Build Order

halts Zerg 

Build Orders: Hatch First 

Get SALT Encoding   

  12  0:01  Drone  
  13  0:08  Drone  
  14  0:19  Overlord  
  14  0:22  Extractor  
  14  0:23  Drone  
  15  0:37  Drone  
  15  0:38  Drone  
  17  0:46  Drone  
  18  0:57  Drone  
  18  0:59  Hatchery  
  18  1:00  Extractor  
  17  1:14  Spawning Pool  
  17  1:15  Drone  
  17  1:19  Drone  
  18  1:27  Drone  
  19  1:39  Overlord  
  19  2:10  Zergling x4  
  19  2:11  Queen, Metabolic Boost  
  19  2:12  Queen  
  19  2:13  Drone x2  
  27  2:23  Drone x2  
  29  2:34  Zergling x2  
  29  2:35  Drone  
  31  2:47  Overlord  
  31  2:52  Hatchery  
  31  2:55  Queen  
  32  3:04  Drone x2  
  34  3:16  Zergling x8  
  36  3:22  Baneling Nest  
  36  3:26  Drone  
  36  3:27  Drone x2  
  38  3:34  Zergling x6  
  41  3:44  Drone x3  
  41  3:47  Extractor  
  43  3:51  Evolution Chamber  
  43  3:54  Zergling x2  
  43  3:55  Zergling x2  
  34  4:04  Zergling x10  
  30  4:18  Zergling x4  
  30  4:24  Zergling x8  
  30  4:25  Zergling x2  
  35  4:34  Queen  
  35  4:36  Zergling x2  
  37  4:42  Baneling  
  37  4:47  Drone  
  37  4:48  Drone  
  37  4:49  Zergling x2  
  40  4:56  Drone x2  
  42  5:04  Overlord  
  42  5:10  Overlord  
  35  5:24  Zergling x10  
  35  5:25  Zergling x6  
  40  5:33  Lair  
  40  5:38  Drone x2  
  41  6:00  Zergling x4  
  41  6:01  Zergling x6  
  46  6:08  Zergling x6  
  49  6:11  Baneling  
  49  6:16  Queen  
  49  6:18  Drone x2  
  51  6:28  Zergling x2  
  51  6:29  Zergling x10  
  54  6:48  Drone, Roach Warren  
  54  6:49  Drone x4  
  54  6:53  Zergling x4  
  57  6:54  Overlord x2  
  55  7:09  Baneling x2  
  55  7:10  Baneling x3  
  55  7:12  Zergling x8  
  55  7:13  Zergling x2  
  60  7:30  Extractor, Drone x4  
  58  7:46  Baneling x2  
  58  7:47  Baneling  
  57  7:55  Roach  
  57  7:56  Roach x6  
  57  7:57  Zergling x4  
  68  8:21  Roach x3  
  68  8:24  Queen  
  68  8:25  Overlord  
  68  8:26  Overlord x2  
  71  8:30  Zerg Ground Armor Level 1  
  71  8:34  Evolution Chamber  
  68  8:37  Drone x4  
  68  8:38  Extractor, Drone  
  68  8:39  Zergling x2  
  73  8:42  Evolution Chamber  
  72  9:07  Glial Reconstitution  
  72  9:09  Drone x2  
  74  9:10  Drone  
  74  9:15  Drone x5  
  80  9:19  Zerg Missile Weapons Level 1  
  80  9:22  Zerg Melee Weapons Level 1  
  80  9:23  Roach x5  
  91  9:24  Zergling x6  
  93  9:42  Zergling x2  
  93  9:43  Zergling x6  
  93  9:44  Overlord  
  93  9:45  Overlord  
  97  9:56  Overlord x2  
  97  9:57  Overlord  
  97  10:06  Spore Crawler  
  96  10:08  Spore Crawler  
  96  10:09  Spore Crawler x2  
  96  10:14  Spore Crawler  
  89  10:15  Spore Crawler  
  89  10:18  Spore Crawler  
  89  10:19  Spore Crawler x2  
  80  10:22  Spore Crawler  
  76  10:30  Hydralisk Den, Drone x5  
  80  10:43  Ravager x4  
  66  11:03  Hydralisk  
  66  11:04  Hydralisk x4  
  57  11:29  Hydralisk x4  
  57  11:37  Muscular Augments  
  57  11:38  Zergling x2  
  57  11:39  Zergling x2  
  57  11:41  Drone x2  
  59  11:48  Zergling x4  
  57  12:15  Hydralisk x2  
  57  12:16  Hydralisk x3  
  67  12:27  Hatchery  
  66  12:39  Zergling x2  
  66  12:40  Zergling x8  
  71  12:48  Grooved Spines  
  71  13:02  Roach  
  71  13:03  Roach x5  
  83  13:12  Zerg Melee Weapons Level 2  
  83  13:16  Zergling x4  
  83  13:18  Roach  
  87  13:23  Drone x3  
  90  13:32  Hydralisk  
  92  13:42  Lurker Den  
  92  13:45  Spore Crawler, Drone x3  
  93  13:50  Spore Crawler  
  71  14:03  Roach x4  
  77  14:26  Hydralisk  
  77  14:27  Hydralisk x5  
  77  14:29  Zergling x2  
  76  14:33  Drone x2  
  64  14:41  Hydralisk x2  
  57  15:07  Hydralisk x3  
  57  15:09  Zergling x6  
  60  15:19  Hydralisk x3  
  60  15:20  Zergling x2  
  60  15:21  Zergling x4  
Tags
 
Add a new tag
Caveats
  • Supply blocks, unpowered buildings, or Contaminate may cause inaccurate times.
  • Supply counts are checked every 10 seconds.